 Dungeon Crawl Stone Soup version 0.30-a0-159-g068b764562 (webtiles) character file.

Game seed: 1607042043776044480

51 blackman the Vexing (level 4, 0/30 HPs)
             Began as a Human Wanderer on Sept 27, 2022.
             Was a Follower of Zin.
             Slain by a gnoll
             ... wielding a +0 club
              (2 damage)
             ... on level 3 of the Dungeon.
             The game lasted 00:07:31 (3950 turns).

blackman the Vexing (Human Wanderer)                Turns: 3950, Time: 00:07:32

Health: 0/30       AC:  9    Str: 20    XL:     4   Next: 7%
Magic:  6/7        EV: 10    Int: 14    God:    Zin [*.....]
Gold:   95         SH:  5    Dex: 11    Spells: 6/7 levels left

rFire   . . .      SeeInvis +    i - +0 short sword
rCold   . . .      Faith    .    (no shield)
rNeg    . . .      Spirit   .    l - +0 ring mail
rPois   .          Reflect  +    t - +0 helmet {SInv}
rElec   .          Harm     .    a - +0 cloak
rCorr   .          Rampage  .    (no gloves)
Will    .....                    p - +1 pair of boots
Stlth   +.........               r - amulet of reflection
HPRegen 0.10/turn                h - +6 ring of strength
MPRegen 0.10/turn                q - ring of see invisible

@: attractive, hasted, very quick
A: no striking features
a: Renounce Religion, Recite, Donate Gold


You were on level 3 of the Dungeon.
You worshipped Zin.
Zin was aware of your devotion.
You visited 1 branch of the dungeon, and saw 3 of its levels.

You collected 105 gold pieces.
You donated 10 gold pieces to Zin.

Inventory:

Hand Weapons
 i - a +0 short sword (weapon)
Missiles
 j - 7 boomerangs
Armour
 a - a +0 cloak (worn)
 d - a +0 robe
 l - a +0 ring mail (worn)
 p - a +1 pair of boots (worn)
 t - a +0 helmet of see invisible (worn)
Jewellery
 h - a +6 ring of strength (left hand)
 q - a ring of see invisible (right hand)
 r - an amulet of reflection (around neck)
 w - an amulet of guardian spirit
 x - a ring of resist corrosion
Scrolls
 e - a scroll of vulnerability
 f - a scroll of identify {unknown}
 n - a scroll of teleportation
 s - a scroll of butterflies {unknown}
 v - a scroll of blinking {unknown}
Potions
 c - a potion of lignification
 k - a potion of attraction
 m - a potion of heal wounds {unknown}
 o - 2 potions of curing {unknown}
 u - a potion of ambrosia {unknown}
Miscellaneous
 b - a piece from Xom's chessboard (15/15)


   Skills:
 * Level 3.1 Ranged Weapons
 - Level 1.0 Stealth
 - Level 2.0 Spellcasting
 - Level 5.0 Hexes
 - Level 0.2 Invocations
 - Level 2.0 Evocations


You had 6 spell levels left.
You knew the following spells:

 Your Spells              Type           Power      Damage    Failure   Level
a - Slow                  Hex            60%        N/A       5%          1

Your spell library contained the following spells:

 Spells                   Type           Power      Damage    Failure   Level
 Magic Dart               Conj           4%         1d3       38%         1
 Dazzling Flash           Conj/Hex       16%        N/A       41%         3
 Portal Projectile        Hex/Tloc       16%        N/A       41%         3
 Searing Ray              Conj           2%         2d4       52%         2
 Sublimation of Blood     Necr           1%         N/A       52%         2
 Wereblood                Tmut           1%         N/A       52%         2
 Fulminant Prism          Conj/Hex       4%         3d6       82%         4
 Summon Hydra             Summ           0%         N/A       100%        7


Dungeon Overview and Level Annotations

Branches:
Dungeon (3/15)

Altars:
Zin

Shops:
D:1 *

Annotations:
D:3 3 runed translucent doors, Tollund's ghost, amateur VSFi


Message History

The gnoll barely misses you. The gnoll hits you but does no damage.
You barely miss the gnoll.
The gnoll is moderately wounded.
The gnoll hits you from afar with a +0 spear.
You barely miss the gnoll.
The gnoll is moderately wounded.
The gnoll closely misses you. The gnoll barely misses you.
You hit the gnoll.
The gnoll is heavily wounded.
The gnoll hits you from afar with a +0 spear.
The gnoll hits you with a +0 club.
You hit the gnoll.
The gnoll is severely wounded.
The gnoll barely misses you.
You hit the gnoll.
The gnoll is almost dead.
The gnoll hits you from afar with a +0 spear.
You block the gnoll's attack.
You barely miss the gnoll.
The gnoll is almost dead.
The gnoll hits you from afar with a +0 spear.
* * * LOW HITPOINT WARNING * * *
The gnoll barely misses you.
You hit the gnoll.
The gnoll is almost dead.
The gnoll is no longer moving slowly.
The gnoll hits you but does no damage.
You barely miss the gnoll.
The gnoll is almost dead.
The gnoll hits you but does no damage. You block the gnoll's attack.
You barely miss the gnoll.
The gnoll is almost dead.
The gnoll barely misses you. The gnoll completely misses you.
It was a potion of attraction.
You feel attractive to monsters.
The gnoll hits you from afar with a +0 spear.
* * * LOW HITPOINT WARNING * * *
You block the gnoll's attack.
It was a potion of haste.
You feel yourself speed up. The gnoll hits you but does no damage.
The gnoll hits you with a +0 club.
You die...

#........#.!....
#........####...
#........# .##
#........... .
###g.########.#
#ggĂ·## # #g###
#g# #@# #.# #.#
#.. ##. .# .# .#


You could see 4 gnolls.

Vanquished Creatures
  2 worms
  A dart slug (D:2)
  4 bats
  2 endoplasms
  A giant cockroach (D:1)
  3 goblins
  9 hobgoblins
  4 kobolds (D:1)
  5 ball pythons
  5 frilled lizards
  5 rats
41 creatures vanquished.

Notes
Turn   | Place    | Note
-------+----------+-------------------------------------------
     0 | D:1      | blackman the Human Wanderer began the quest for the Orb.
     0 | D:1      | blackman set off with the following items: a +0 club, a
                  | piece from Xom's chessboard (15/15), a potion of
                  | lignification, a +0 robe, a scroll of vulnerability; and
                  | the following spell memorised: Slow; and the following
                  | spells available to memorise: Dazzling Flash, Portal
                  | Projectile.
     0 | D:1      | Reached XP level 1. HP: 13/13 MP: 3/3
   162 | D:1      | Found a faded altar of an unknown god.
   166 | D:1      | Prayed at the altar of an unknown god.
   166 | D:1      | Became a worshipper of Zin the Law-Giver
   166 | D:1      | Reached * piety under Zin
   177 | D:1      | Found Yrevulat's Assorted Antiques.
   494 | D:1      | Reached skill level 1 in Ranged Weapons
   511 | D:1      | Reached XP level 2. HP: 9/19 MP: 5/5
  1846 | D:2      | Reached XP level 3. HP: 24/24 MP: 4/6
  2891 | D:2      | Reached ** piety under Zin
  3379 | D:3      | Found a runed translucent gate.
  3381 | D:3      | Noticed a kobold brigand
  3381 | D:3      | Noticed Tollund's ghost (amateur VSFi)
  3387 | D:3      | Found a runed translucent gate.
  3388 | D:3      | Found a runed translucent gate.
  3594 | D:3      | Reached XP level 4. HP: 10/30 MP: 5/7
  3950 | D:3      | Slain by a gnoll

Illustrated notes

Levels and vault maps discovered:
D:1:      saegor_arrival_simple_b, layout_basic, ebering_ecumenical_altar_ruins,
          serial_shops, shop
D:2:      layout_basic
D:3:      layout_rooms, gammafunk_ghost_nasty_kobolds, feat_on_display,
          uniq_terence

Skill      XL: |  1  2  3 |
---------------+----------+-----
Ranged Weapons | 1 2 3 |  3.1
Stealth        | |  1.0
Spellcasting   | |  2.0
Hexes          | |  5.0
Invocations    | |  0.2
Evocations     | |  2.0

Action                   |  1- 3 |  4- 6 || total
-------------------------+-------+-------++-------
Melee: Club              |    29 |       ||    29
       Short sword       |   160 |    24 ||   184
Throw: Boomerang         |       |     1 ||     1
 Cast: Slow              |    10 |     9 ||    19
  Use: Scroll            |     1 |       ||     1
       Potion            |       |     2 ||     2
 Stab: Sleeping          |     1 |       ||     1
Armor: Robe              |    22 |       ||    22
       Ring mail         |    49 |     9 ||    58
Dodge: Dodged            |    90 |    22 ||   112
Block: Other             |    17 |     9 ||    26

Table legend: (Time is in decaauts)
 A = Elapsed time spent in this place.
 B = Non-inter-level travel time spent in this place.
 C = Inter-level travel time spent in this place.
 D = Time resting spent in this place.
 E = Time spent auto-exploring this place.
 F = Levels seen in this place.
 G = Mean time per level.
                   A        B        C        D        E       F      G
               +--------+--------+--------+--------+--------+-----+--------+
         Total |   3958 |   3768 |    190 |   1249 |   1997 |   3 | 1319.3 |
       Dungeon |   3958 |   3768 |    190 |   1249 |   1997 |   3 | 1319.3 |
               +--------+--------+--------+--------+--------+-----+--------+

Top non-repeatable levels by time:
     D:1: 1714 daAuts
     D:2: 1672 daAuts
     D:3: 571 daAuts
